 Dungeon Crawl Stone Soup version 0.28.0-45-g0d030f2227 (webtiles) character file.

Game seed: 10189606109262197891

145 pkoi the Insei (level 4, -1/36 HPs)
             Began as a Demigod Gladiator on Apr 18, 2022.
             Slain by a scorpion (6 damage)
             ... on level 4 of the Dungeon.
             The game lasted 00:03:39 (4588 turns).

pkoi the Insei (Demigod Gladiator)                  Turns: 4588, Time: 00:03:39

Health: -1/36      AC: 11    Str: 15    XL:     4   Next: 78%
Magic:  6/6        EV:  4    Int: 14    God:
Gold:   116        SH:  0    Dex: 15    Spells: 2/3 levels left

rFire   . . .      SeeInvis .     - Unarmed
rCold   . . .      Faith    .   (no shield)
rNeg    . . .      Spirit   .   v - +0 plate armour
rPois   .          Reflect  .   g - +0 helmet
rElec   .          Harm     .   (no cloak)
rCorr   +          Rampage  .   (no gloves)
Will    .....                   (no boots)
Stlth   ..........              (no amulet)
HPRegen 0.12/turn               j - ring of resist corrosion
MPRegen 0.10/turn               (no ring)

@: no status effects
A: high MP 1, forlorn, divine attributes, wild magic 1, MP-powered wands
a: no special abilities


You were on level 4 of the Dungeon.
You visited 1 branch of the dungeon, and saw 4 of its levels.

You collected 116 gold pieces.

Inventory:

Hand Weapons
 p - a +0 whip
Missiles
 c - 4 throwing nets (quivered)
 i - 6 curare-tipped darts
Armour
 a - a +0 leather armour
 b - a +0 helmet
 g - a +0 helmet (worn)
 u - a +0 ring mail
 v - a +0 plate armour (worn)
Magical Staves
 q - a staff of conjuration
Jewellery
 j - a ring of resist corrosion (left hand)
 t - a ring of positive energy
Wands
 m - a wand of charming (10)
 r - a wand of paralysis (13)
Scrolls
 e - 2 scrolls of fear {unknown}
 f - 4 scrolls of identify {unknown}
 h - a scroll of blinking {unknown}
 l - a scroll of teleportation {unknown}
 n - a scroll of summoning {unknown}
 o - 3 scrolls of magic mapping {unknown}
 s - a scroll of silence {unknown}
Potions
 k - a potion of degeneration {unknown}


   Skills:
 + Level 1.7 Fighting
 - Level 1.7 Throwing
 + Level 2.7 Dodging
 * Level 5.2 Unarmed Combat


You had 2 spell levels left.
You knew the following spells:

 Your Spells              Type           Power      Damage    Failure   Level
a - Apportation           Tloc           0%         N/A       100%        1

Your spell library contained the following spells:

 Spells                   Type           Power      Damage    Failure   Level
 Animate Skeleton         Necr           0%         N/A       100%        1
 Summon Small Mammal      Summ           0%         N/A       100%        1


Dungeon Overview and Level Annotations

Branches:
Dungeon (4/15)
 Temple: D:4-7


Innate Abilities, Weirdness & Mutations

You have an increased reservoir of magic. (+10% MP)
You shall have no god before yourself.
Your divine heritage dramatically boosts your attributes as you level up.
Your spells are a little harder to cast, but a little more powerful.
You expend magic power (3 MP) to strengthen your wands.


Message History

You are too injured to fight recklessly!
Unknown command.
The kobold hits you but does no damage.
The scorpion stings you but does no damage.
The kobold throws a stone.
The stone hits you but does no damage. The scorpion stings you.
* * * LOW HITPOINT WARNING * * *
The kobold throws a stone.
The stone hits you but does no damage.
The kobold throws a stone.
The stone hits you but does no damage.
The kobold throws a stone.
The stone completely misses you. The scorpion stings you.
* * * LOW HITPOINT WARNING * * *
You are poisoned.
The scorpion poisons you!
You feel very sick.
You feel sick.
You feel sick.
You feel sick.
You completely miss the scorpion.
The scorpion is lightly wounded.
You feel sick. The scorpion stings you.
* * * LOW HITPOINT WARNING * * *
You hit the scorpion.
The scorpion is heavily wounded.
You feel sick.
The scorpion stings you but does no damage.
You hit the scorpion but do no damage.
The scorpion is heavily wounded.
You feel sick. The scorpion stings you.
* * * LOW HITPOINT WARNING * * *
You hit the scorpion but do no damage.
The scorpion is heavily wounded.
You feel sick.
You are no longer poisoned.
The scorpion barely misses you.
It was a potion of mutation.
You feel extremely strange.
You feel your magical essence link to the dungeon's wands.
You feel less in control of your magic. The scorpion stings you.
You die...

####....##.....##
#.......####....#
#.......#######.#
####............##.#
#.........#####.##.#
#.....#.........##.#
#.....#.##.........#
#######.....#.##.#########
......#.....#.##@#
......#.....+.##s#
......#.....####.######
.............###K.....#
....................#.###
..........K.............#
...?.#........#####..##.#
.....#.......##(((##.##.#
...K.........#(#(#.#.##.#


You could see a scorpion, 3 dancing weapons and a kobold.

Vanquished Creatures
  4 gnolls
  An adder (D:2)
  4 worms
  2 dart slugs (D:2)
  9 orcs
  2 endoplasms (D:1)
  4 giant cockroaches
  7 goblins
  5 hobgoblins
  A quokka (D:2)
  6 ball pythons
  10 bats
  4 frilled lizards
  6 kobolds
  9 rats
74 creatures vanquished.

Notes
Turn   | Place    | Note
-------+----------+-------------------------------------------
     0 | D:1      | pkoi the Demigod Gladiator began the quest for the Orb.
     0 | D:1      | Reached XP level 1. HP: 17/17 MP: 3/3
    42 | D:1      | Reached skill level 3 in Unarmed Combat
   437 | D:1      | Reached XP level 2. HP: 19/24 MP: 4/4
  1183 | D:1      | Reached XP level 3. HP: 20/29 MP: 5/5
  1405 | D:1      | Reached skill level 4 in Unarmed Combat
  3525 | D:3      | Reached XP level 4. HP: 36/36 MP: 6/6
  3992 | D:3      | Reached skill level 5 in Unarmed Combat
  4182 | D:3      | Learned a level 1 spell: Apportation
  4508 | D:4      | Noticed a +0 short sword
  4508 | D:4      | Noticed a +0 spear
  4508 | D:4      | Noticed a +0 short sword
  4508 | D:4      | Noticed a +0 dagger
  4509 | D:4      | Noticed a +0 dagger
  4509 | D:4      | Noticed a +0 spear
  4510 | D:4      | Noticed a +0 falchion
  4511 | D:4      | Noticed a +0 falchion
  4588 | D:4      | Gained mutation: You expend magic power (3 MP) to
                  | strengthen your wands. [potion of mutation]
  4588 | D:4      | Gained mutation: Your spells are a little harder to cast,
                  | but a little more powerful. [potion of mutation]
  4588 | D:4      | Slain by a scorpion

Illustrated notes

Levels and vault maps discovered:
D:1:      lemuel_arrival_room, layout_loops_ring,
          chequers_serial_rivers_micro_a, roderic_roman_lattice
D:2:      layout_loops_ring, shapermc_ecumenical_altar_ellora
D:3:      layout_basic, mainiacjoe_overflow_boulevard
D:4:      layout_basic, nicolae_uskayaw_en_pointe, serial_shops,
          nicolae_square_shop

Skill      XL: |  1  2  3  4 |
---------------+-------------+-----
Unarmed Combat | 3 4 5 |  5.2
Fighting       | |  1.7
Throwing       | |  1.7
Dodging        | |  2.7

Action                   |  1- 3 |  4- 6 || total
-------------------------+-------+-------++-------
Melee: Unarmed           |   197 |    84 ||   281
       Punch             |     5 |     3 ||     8
  Use: Potion            |       |     1 ||     1
 Stab: Sleeping          |     3 |       ||     3
       Distracted        |     1 |       ||     1
Armor: Leather armour    |    48 |    11 ||    59
       Plate armour      |       |     9 ||     9
Dodge: Dodged            |   102 |    35 ||   137
